 Dungeon Crawl Stone Soup version 0.28.0-49-g6dfe1f597d (webtiles) character file.

Game seed: 12690331756156443461

9 Exodus22XD the Poker (level 2, -3/22 HPs)
             Began as a Demonspawn Gladiator on May 19, 2022.
             Slain by a kobold
             ... wielding a +0 hand axe
              (5 damage)
             ... on level 1 of the Dungeon.
             The game lasted 00:00:18 (344 turns).

Exodus22XD the Poker (Demonspawn Gladiator)          Turns: 344, Time: 00:00:19

Health: -3/22      AC:  4    Str: 14    XL:     2   Next: 6%
Magic:  2/2        EV: 12    Int:  9    God:
Gold:   0          SH:  0    Dex: 14    Spells: 1/1 levels left

rFire   . . .      SeeInvis .   a - +0 trident
rCold   . . .      Faith    .   (no shield)
rNeg    . . .      Spirit   .   b - +0 leather armour
rPois   .          Reflect  .   c - +0 helmet
rElec   .          Harm     .   (no cloak)
rCorr   .          Rampage  .   (no gloves)
Will    .....                   (no boots)
Stlth   +.........              (no amulet)
HPRegen 0.07/turn               (no ring)
MPRegen 0.08/turn               (no ring)

@: no status effects
A: demonic magic 1
a: no special abilities


You were on level 1 of the Dungeon.
You visited 1 branch of the dungeon, and saw 1 of its levels.

Inventory:

Hand Weapons
 a - a +0 trident (weapon)
Missiles
 d - 3 throwing nets (quivered)
Armour
 b - a +0 leather armour (worn)
 c - a +0 helmet (worn)
Potions
 e - a potion of mutation {unknown}


   Skills:
 + Level 2.0 Fighting
 + Level 2.9 Polearms
 + Level 1.8 Throwing
 + Level 0.4 Armour
 + Level 2.8 Dodging


You had one spell level left.
You didn't know any spells.
Your spell library was empty.

Dungeon Overview and Level Annotations

Branches:
Dungeon (1/15)

Altars:


Innate Abilities, Weirdness & Mutations

Spells you cast may paralyse adjacent enemies.


Message History

The rat barely misses you.
The kobold hits you with a +0 short sword.
* * * LOW HITPOINT WARNING * * *
You are too injured to fight recklessly!
You are too injured to fight recklessly!
You are too injured to fight recklessly!
You puncture the rat!
You kill the rat!
The dart slug launches a dart at you.
The slug dart hits you but does no damage.
The kobold closely misses you.
You barely miss the kobold.
The kobold is moderately wounded.
The kobold hits you with a +0 short sword.
* * * LOW HITPOINT WARNING * * *
You hit the kobold.
You kill the kobold!
The dart slug barely misses you.
Things that are here:
a +0 short sword; a kobold corpse You puncture the dart slug!
You punch the dart slug.
You kill the dart slug!
You have reached level 2!
Your demonic ancestry asserts itself...
A menacing aura infuses your magic.
A kobold comes into view. It is wielding a +0 hand axe.
You are too injured to fight recklessly!
A kobold is nearby!
You are too injured to fight recklessly!
A kobold is nearby!
You are too injured to fight recklessly!
A kobold is nearby!
You are too injured to fight recklessly!
Found a scroll labelled RELO NIGOTEN.
Items here: ) ? ††.
The kobold closely misses you.
You closely miss the kobold. The kobold hits you with a +0 hand axe.
* * * LOW HITPOINT WARNING * * *
You closely miss the kobold. The kobold hits you with a +0 hand axe.
You die...

#.............
#...♣.......##
#....8......## .
#...........#. .. ####
#............. ... ...##
#.....<....... ...
#..###............. ##..
#K.####.....#...#.
##)$.?#@..#######.#...##
#..)(...).............##
..?$...#)†#..#..#.......
.#$.)?##..#..#..#.......
##..##...#..#..(...####
##....###..#..##÷)####
....## #..#..#.......
.##. .#.........### .. .
###........# #


You could see a kobold.

Vanquished Creatures
  A dart slug (D:1)
  3 ball pythons (D:1)
  2 goblins (D:1)
  A kobold (D:1)
  2 rats (D:1)
9 creatures vanquished.

Notes
Turn   | Place    | Note
-------+----------+-------------------------------------------
     0 | D:1      | Exodus22XD the Demonspawn Gladiator began the quest for the
                  | Orb.
     0 | D:1      | Reached XP level 1. HP: 16/16 MP: 1/1
   330 | D:1      | Gained mutation: Spells you cast may paralyse adjacent
                  | enemies. [demonic ancestry]
   330 | D:1      | Reached XP level 2. HP: 5/22 MP: 2/2
   344 | D:1      | Slain by a kobold

Illustrated notes

Levels and vault maps discovered:
D:1:      wander_arrival_peaceful_grave, layout_loops_cross,
          wad_floor_pattern_untrapped, minmay_pentomino_w4

Action                   || total
-------------------------++-------
Melee: Trident           ||    24
       Punch             ||     1
Armor: Leather armour    ||     7
Dodge: Dodged            ||    18
